BSA
MAUI TROPICS @ SEATTLE PIKES
07/07/2028
 
TOP OF THE 1ST
Maui Tropics batting - Pitching for Seattle Pikes : LHP Marcos Benítez
Pitching: LHP Marcos Benítez
Batting: RHB José Rodríguez 0-0: Ball
1-0: Ball
2-0: Foul Ball, location: 2F
2-1: SINGLE (Flyball, 9LS)
Batting: RHB Matt Silver 0-0: Ball
1-0: Grounds into double play, 5-4-3 (Groundball, 56)
Batting: RHB Jesús Espinoza 0-0: Called Strike
0-1: Ball
1-1: Swinging Strike
1-2: Foul Ball, location: 2F
1-2: Strikes out swinging
Top of the 1st over - 0 run(s), 1 hit(s), 0 error(s), 0 left on base; Maui 0 - Seattle 0
BOTTOM OF THE 1ST
Seattle Pikes batting - Pitching for Maui Tropics : RHP Ronald Cotton
Pitching: RHP Ronald Cotton
Batting: LHB Richard Hunter 0-0: Ball
1-0: Foul Ball, location: 2F
1-1: DOUBLE (Line Drive, 9LM)
Batting: RHB Wallace Greene 0-0: Ground out 5-3 (Groundball, 5)
Batting: LHB David Monahan 0-0: Ball
1-0: Called Strike
1-1: Hit by Pitch
Batting: RHB Pete Rideout 0-0: Called Strike
0-1: Ball
1-1: SINGLE (Groundball, 56D)
Richard Hunter to third
David Monahan to second
Runner from 3rd tries for Home, SAFE, no throw
Batting: SHB António Hernández 0-0: Ball
1-0: Swinging Strike
1-1: Ball
2-1: Foul Ball, location: 2F
2-2: Foul Ball, location: 2F
2-2: Strikes out swinging
Batting: RHB Luis Peña 0-0: Foul Ball, location: 2F
0-1: Foul Ball, location: 2F
0-2: DOUBLE (Line Drive, 7LM)
David Monahan scores
Pete Rideout to third
Batting: LHB Gary Kern 0-0: Ball
1-0: Ball
2-0: Called Strike
2-1: Foul Ball, location: 2F
2-2: Ball
3-2: Strikes out swinging
Bottom of the 1st over - 2 run(s), 3 hit(s), 0 error(s), 2 left on base; Maui 0 - Seattle 2
TOP OF THE 2ND
Maui Tropics batting - Pitching for Seattle Pikes : LHP Marcos Benítez
Batting: RHB Luis Alou 0-0: Ball
1-0: SOLO HOME RUN (Flyball, 8LXD), Distance : 449 ft
Batting: RHB José Herrera 0-0: Swinging Strike
0-1: Ball
1-1: Ball
2-1: Foul Ball, location: 2F
2-2: Strikes out swinging
Batting: LHB Mike Pearson 0-0: Called Strike
0-1: Foul Ball, location: 2F
0-2: SINGLE (Flyball, 7LS)
Batting: LHB José Rivas 0-0: Ball
1-0: Ball
Balk!
Mike Pearson to second
2-0: Called Strike
2-1: Swinging Strike
2-2: Ball
3-2: Foul Ball, location: 2F
3-2: Foul Ball, location: 2F
3-2: SINGLE (Flyball, 89S)
Mike Pearson to third
Runner from 3rd tries for Home, SAFE, no throw
Batting: RHB Ximena Campos 0-0: Ball
1-0: Called Strike
1-1: Foul Ball, location: 2F
1-2: Ball
2-2: Strikes out swinging
Batting: LHB Luis Antonio Torres 0-0: Foul Ball, location: 2F
0-1: Ball
1-1: Foul Ball, location: 2F
1-2: Ball
2-2: Ball
3-2: Foul Ball, location: 2F
3-2: Foul Ball, location: 2F
3-2: Foul Ball, location: 2F
3-2: Foul Ball, location: 2F
3-2: Foul Ball, location: 2F
3-2: Fly out, F8 (Flyball, 8LS)
Top of the 2nd over - 2 run(s), 3 hit(s), 0 error(s), 1 left on base; Maui 2 - Seattle 2
BOTTOM OF THE 2ND
Seattle Pikes batting - Pitching for Maui Tropics : RHP Ronald Cotton
Batting: RHB Orlando Núñes 0-0: Called Strike
0-1: Called Strike
0-2: Ball
1-2: Strikes out swinging
Batting: RHB Arnold Harmon 0-0: Ball
1-0: Called Strike
1-1: Ball
2-1: Foul Ball, location: 2F
2-2: Foul Ball, location: 2F
2-2: Fly out, F4 (Popup, 4)
Batting: LHB Richard Hunter 0-0: Called Strike
0-1: Called Strike
0-2: Ball
1-2: Ball
2-2: Ball
3-2: Ground out 4-3 (Groundball, 4)
Bottom of the 2nd over - 0 run(s), 0 hit(s), 0 error(s), 0 left on base; Maui 2 - Seattle 2
TOP OF THE 3RD
Maui Tropics batting - Pitching for Seattle Pikes : LHP Marcos Benítez
Batting: RHB José Rodríguez 0-0: Called Strike
0-1: Ball
1-1: Foul Ball, location: 2F
1-2: Strikes out looking
Batting: RHB Matt Silver 0-0: Called Strike
0-1: Called Strike
0-2: Ball
1-2: SOLO HOME RUN (Line Drive, 7D), Distance : 372 ft
Batting: RHB Jesús Espinoza 0-0: Called Strike
0-1: Called Strike
0-2: Foul Ball, location: 2F
0-2: Ball
1-2: Ground out 1-3 (Groundball, P)
Batting: RHB Luis Alou 0-0: SOLO HOME RUN (Flyball, 7LD), Distance : 514 ft
Batting: RHB José Herrera 0-0: Foul Ball, location: 2F
0-1: Ball
1-1: DOUBLE (Line Drive, 7LD)
Batting: LHB Mike Pearson 0-0: Swinging Strike
0-1: Ball
1-1: Swinging Strike
1-2: Strikes out swinging
Top of the 3rd over - 2 run(s), 3 hit(s), 0 error(s), 1 left on base; Maui 4 - Seattle 2
BOTTOM OF THE 3RD
Seattle Pikes batting - Pitching for Maui Tropics : RHP Ronald Cotton
Batting: RHB Wallace Greene 0-0: Ball
1-0: Called Strike
1-1: Ground out 6-3 (Groundball, 56)
Batting: LHB David Monahan 0-0: DOUBLE (Line Drive, 89D)
Batting: RHB Pete Rideout 0-0: Ball
1-0: Called Strike
1-1: Ball
2-1: Ball
3-1: Called Strike
3-2: Base on Balls
Batting: SHB António Hernández 0-0: Ball
1-0: Called Strike
1-1: Foul Ball, location: 2F
1-2: Ball
2-2: Ball
3-2: Foul Ball, location: 2F
3-2: Base on Balls
David Monahan to third
Pete Rideout to second
Batting: RHB Luis Peña 0-0: Ball
1-0: Ball
2-0: Foul Ball, location: 2F
2-1: Called Strike
2-2: Ball
3-2: Base on Balls
David Monahan scores
Pete Rideout to third
António Hernández to second
Batting: LHB Gary Kern 0-0: Swinging Strike
0-1: Fly out, F5 (Line Drive, 56)
Batting: RHB Orlando Núñes 0-0: Foul Ball, location: 2F
0-1: Fly out, F9 (Flyball, 9S)
Bottom of the 3rd over - 1 run(s), 1 hit(s), 0 error(s), 3 left on base; Maui 4 - Seattle 3
TOP OF THE 4TH
Maui Tropics batting - Pitching for Seattle Pikes : LHP Marcos Benítez
Batting: LHB José Rivas 0-0: Ground out 6-3 (Groundball, 6)
Batting: RHB Ximena Campos 0-0: Called Strike
0-1: DOUBLE (Groundball, 5L)
Batting: LHB Luis Antonio Torres 0-0: Foul Ball, location: 2F
0-1: SINGLE (Line Drive, 56)
Ximena Campos to third
Runner from 3rd tries for Home, SAFE, no throw
Batting: RHB José Rodríguez 0-0: Ball
1-0: Fly out, F2 (Popup, 2R)
Batting: RHB Matt Silver 0-0: Foul Ball, location: 2F
0-1: Ball
1-1: Fielders Choice at 2nd, 4-6 (Groundball, 4)
Top of the 4th over - 1 run(s), 2 hit(s), 0 error(s), 0 left on base; Maui 5 - Seattle 3
BOTTOM OF THE 4TH
Seattle Pikes batting - Pitching for Maui Tropics : RHP Ronald Cotton
Batting: RHB Arnold Harmon 0-0: Ground out 4-3 (Groundball, 4)
Batting: LHB Richard Hunter 0-0: Ball
1-0: DOUBLE (Line Drive, 89XD)
Batting: RHB Wallace Greene 0-0: Ball
1-0: SINGLE (Line Drive, 9S)
Richard Hunter to third
Runner from 3rd tries for Home, SAFE, no throw
Batting: LHB David Monahan 0-0: Called Strike
0-1: Ball
1-1: Ball
2-1: Ground out U3 (Groundball, 34)
Wallace Greene to second
Batting: RHB Pete Rideout 0-0: Ball
1-0: Foul Ball, location: 2F
1-1: Ball
2-1: Foul Ball, location: 2F
2-2: Ball
3-2: DOUBLE (Groundball, 5L)
Wallace Greene scores
Batting: SHB António Hernández 0-0: Ball
1-0: Ball
2-0: Ball
3-0: Called Strike
3-1: Swinging Strike
3-2: Base on Balls
Batting: RHB Luis Peña 0-0: Ground out 6-3 (Groundball, 56)
Bottom of the 4th over - 2 run(s), 3 hit(s), 0 error(s), 2 left on base; Maui 5 - Seattle 5
TOP OF THE 5TH
Maui Tropics batting - Pitching for Seattle Pikes : LHP Marcos Benítez
Pitching: RHP Francisco Carrasco
Batting: RHB Jesús Espinoza 0-0: Swinging Strike
0-1: Ball
1-1: Called Strike
1-2: Foul Ball, location: 2F
1-2: SINGLE (Groundball, 56D)
Batting: RHB Luis Alou 0-0: Ball
1-0: Foul Ball, location: 2F
1-1: DOUBLE (Line Drive, 89D)
Jesús Espinoza to third
Batting: RHB José Herrera 0-0: Fly out, F9 (Flyball, 9S)
Batting: LHB Mike Pearson 0-0: Called Strike
0-1: Foul Ball, location: 2F
0-2: Strikes out swinging
Batting: LHB José Rivas 0-0: Called Strike
0-1: Foul Ball, location: 2F
0-2: Ball
1-2: Strikes out swinging
Top of the 5th over - 0 run(s), 2 hit(s), 0 error(s), 2 left on base; Maui 5 - Seattle 5
BOTTOM OF THE 5TH
Seattle Pikes batting - Pitching for Maui Tropics : RHP Ronald Cotton
Pitching: RHP Luis De Los Ángeles
Batting: LHB Gary Kern 0-0: Foul Ball, location: 2F
0-1: Foul Ball, location: 2F
0-2: Fly out, F5 (Line Drive, 5D)
Batting: RHB Orlando Núñes 0-0: Ball
1-0: Fly out, F9 (Flyball, 89S)
Batting: RHB Arnold Harmon 0-0: Called Strike
0-1: Called Strike
0-2: Ball
1-2: Strikes out swinging, 2-3 out at first.
Bottom of the 5th over - 0 run(s), 0 hit(s), 0 error(s), 0 left on base; Maui 5 - Seattle 5
TOP OF THE 6TH
Maui Tropics batting - Pitching for Seattle Pikes : RHP Francisco Carrasco
Batting: RHB Ximena Campos 0-0: Called Strike
0-1: Fly out, F9 (Flyball, 9)
Batting: LHB Luis Antonio Torres 0-0: Ball
1-0: Foul Ball, location: 2F
1-1: SOLO HOME RUN (Line Drive, 9D), Distance : 455 ft
Batting: RHB José Rodríguez 0-0: Fly out, F7 (Line Drive, 78S)
Batting: RHB Matt Silver 0-0: Foul Ball, location: 2F
0-1: Ball
1-1: Called Strike
1-2: SINGLE (Flyball, 9S)
Batting: RHB Jesús Espinoza 0-0: Foul Ball, location: 2F
0-1: Fly out, F9 (Flyball, 9D)
Top of the 6th over - 1 run(s), 2 hit(s), 0 error(s), 1 left on base; Maui 6 - Seattle 5
BOTTOM OF THE 6TH
Seattle Pikes batting - Pitching for Maui Tropics : RHP Luis De Los Ángeles
Batting: LHB Richard Hunter 0-0: Ball
1-0: Fly out, F2 (Popup, 15S)
Batting: RHB Wallace Greene 0-0: Called Strike
0-1: Ball
1-1: SINGLE (Groundball, 56D)
Batting: LHB David Monahan 0-0: Ball
1-0: Ball
Wallace Greene steals 2nd base
2-0: Called Strike
2-1: Called Strike
2-2: Ball
3-2: Foul Ball, location: 2F
3-2: Strikes out swinging
Batting: RHB Pete Rideout 0-0: Fly out, F7 (Flyball, 78M)
Bottom of the 6th over - 0 run(s), 1 hit(s), 0 error(s), 1 left on base; Maui 6 - Seattle 5
TOP OF THE 7TH
Maui Tropics batting - Pitching for Seattle Pikes : RHP Francisco Carrasco
Batting: RHB Luis Alou 0-0: Ball
1-0: Ball
2-0: Ball
3-0: Foul Ball, location: 2F
3-1: Base on Balls
Batting: RHB José Herrera 0-0: DOUBLE (Flyball, 89D)
Luis Alou to third
Batting: LHB Mike Pearson 0-0: Called Strike
0-1: Foul Ball, location: 2F
0-2: Ball
1-2: Strikes out swinging
Batting: LHB José Rivas 0-0: Foul Ball, location: 2F
0-1: Foul Ball, location: 2F
0-2: Fly out, F8 (Flyball, 8LS)
Batting: RHB Ximena Campos 0-0: Foul Ball, location: 2F
0-1: Ball
1-1: Called Strike
1-2: Ball
2-2: Foul Ball, location: 2F
2-2: DOUBLE (Line Drive, 78D)
Luis Alou scores
José Herrera scores
Pitching: RHP Orlando Ojeda
Batting: LHB Luis Antonio Torres 0-0: Fly out, F8 (Flyball, 8LD)
Top of the 7th over - 2 run(s), 2 hit(s), 0 error(s), 1 left on base; Maui 8 - Seattle 5
BOTTOM OF THE 7TH
Seattle Pikes batting - Pitching for Maui Tropics : RHP Luis De Los Ángeles
Batting: SHB António Hernández 0-0: Foul Ball, location: 2F
0-1: Foul Ball, location: 2F
0-2: Ball
1-2: Strikes out looking
Batting: RHB Luis Peña 0-0: Ball
1-0: DOUBLE (Line Drive, 8LXD)
Batting: LHB Gary Kern 0-0: Ground out 3-1 (Groundball, 34S)
Luis Peña to third
Batting: RHB Orlando Núñes 0-0: Ball
1-0: SINGLE (Groundball, 25) (infield hit)
Luis Peña scores
Batting: RHB Arnold Harmon 0-0: Ball
1-0: Ground out 1-3 (Groundball, 13S)
Bottom of the 7th over - 1 run(s), 2 hit(s), 0 error(s), 1 left on base; Maui 8 - Seattle 6
TOP OF THE 8TH
Maui Tropics batting - Pitching for Seattle Pikes : RHP Orlando Ojeda
Batting: RHB José Rodríguez 0-0: Foul Ball, location: 2F
0-1: Ball
1-1: Foul Ball, location: 2F
1-2: Strikes out swinging
Batting: RHB Matt Silver 0-0: Called Strike
0-1: SOLO HOME RUN (Flyball, 78XD), Distance : 444 ft
Batting: RHB Jesús Espinoza 0-0: Foul Ball, location: 2F
0-1: Foul Ball, location: 2F
0-2: Strikes out looking
Batting: RHB Luis Alou 0-0: Called Strike
0-1: Swinging Strike
0-2: Ball
1-2: Strikes out swinging
Top of the 8th over - 1 run(s), 1 hit(s), 0 error(s), 0 left on base; Maui 9 - Seattle 6
BOTTOM OF THE 8TH
Seattle Pikes batting - Pitching for Maui Tropics : RHP Luis De Los Ángeles
Batting: LHB Richard Hunter 0-0: Ball
1-0: Swinging Strike
1-1: Swinging Strike
1-2: SINGLE (Groundball, 6MD)
Batting: RHB Wallace Greene 0-0: Called Strike
0-1: Swinging Strike
0-2: Ball
1-2: Ball
2-2: Ball
3-2: Strikes out swinging
Richard Hunter steals 2nd base
Batter strikes out.
Batting: LHB David Monahan 0-0: Fly out, F9 (Line Drive, 89M)
Batting: RHB Pete Rideout 0-0: Called Strike
0-1: Foul Ball, location: 2F
0-2: Ball
1-2: Fly out, F7 (Flyball, 7LMF)
Bottom of the 8th over - 0 run(s), 1 hit(s), 0 error(s), 1 left on base; Maui 9 - Seattle 6
TOP OF THE 9TH
Maui Tropics batting - Pitching for Seattle Pikes : RHP Orlando Ojeda
Pitching: LHP Cristián Escobar
Batting: RHB José Herrera 0-0: Called Strike
0-1: Ball
1-1: Foul Ball, location: 2F
1-2: Ball
2-2: Ball
3-2: Fly out, F8 (Line Drive, 8LM)
Batting: LHB Mike Pearson 0-0: Called Strike
0-1: Swinging Strike
0-2: Ball
1-2: SINGLE (Groundball, 6MS) (infield hit)
Batting: LHB José Rivas 0-0: Fly out, F7 (Flyball, 7D)
Runner from 1st tags up, SAFE at 2nd
Batting: RHB Ximena Campos 0-0: Foul Ball, location: 2F
0-1: Swinging Strike
0-2: Ball
1-2: Foul Ball, location: 2F
1-2: Hit by Pitch
Batting: LHB Luis Antonio Torres 0-0: Called Strike
0-1: Foul Ball, location: 2F
0-2: Ball
1-2: Foul Ball, location: 2F
1-2: Ball
2-2: SINGLE (Groundball, 56D)
Mike Pearson to third
Ximena Campos to second
Runner from 3rd tries for Home, SAFE, no throw
Batting: RHB José Rodríguez 0-0: Ball
1-0: Called Strike
1-1: Swinging Strike
1-2: Strikes out looking
Top of the 9th over - 1 run(s), 2 hit(s), 0 error(s), 2 left on base; Maui 10 - Seattle 6
BOTTOM OF THE 9TH
Seattle Pikes batting - Pitching for Maui Tropics : RHP Luis De Los Ángeles
Batting: SHB António Hernández 0-0: Ball
1-0: Ball
2-0: Ball
3-0: Base on Balls
Batting: RHB Luis Peña 0-0: Ball
1-0: Grounds into double play, 1-6-3 (Groundball, 13)
Batting: LHB Gary Kern 0-0: Ball
1-0: Fly out, F6 (Popup, 6)
Bottom of the 9th over - 0 run(s), 0 hit(s), 0 error(s), 0 left on base; Maui 10 - Seattle 6
Tuesday, August 8th, 2017 - OOTP Baseball 17.12 Build 75